 Dungeon Crawl Stone Soup version 0.14-a0-3509-g488b3d4 (webtiles) character file.

273 Sabsy the Sneak (level 5, -2/50 HPs)
             Began as an Ogre Assassin on Mar 26, 2014.
             Slain by a phantom (7 damage)
             ... on Level 4 of the Dungeon.
             The game lasted 00:12:23 (3609 turns).

Sabsy the Sneak (Ogre Assassin)                     Turns: 3609, Time: 00:12:23

HP  -2/50        AC  4     Str 16      XL: 5   Next: 32%
MP   5/5         EV  9     Int 10      God:
Gold 123         SH  0     Dex 12      Spells:  0 memorised,  4 levels left

rFire  . . .     SeeInvis .     a - +2 club
rCold  . . .     Clarity  .     c - +0 robe
rNeg   . . .     Conserve .     (shield restricted)
rPois  .         rCorr    .     (helmet restricted)
rElec  .         rRot     .     d - +0 cloak
SustAb . .       Spirit   .     (gloves unavailable)
rMut   .         Warding  .     (boots unavailable)
Gourm  +         Stasis   .     h - amulet of the gourmand
MR     .....                    (no ring)
                                (no ring)

@: heavily drained, not resistant to hostile enchantments, fairly stealthy
A: unfitting armour, fast metabolism 1, saprovore 1, tough skin 1
a: no special abilities


You were on level 4 of the Dungeon.
You were not hungry.

You visited 1 branch of the dungeon, and saw 4 of its levels.

You collected 123 gold pieces.

Inventory:

Hand weapons
 a - a +2,+2 club (weapon)
 b - a +0 blowgun
 k - a +0,+0 mace
Missiles
 e - 8 poisoned needles
 f - 2 curare-tipped needles
 i - 7 tomahawks
 j - 53 darts (quivered)
 B - 11 needles of slowing
Armour
 c - a +0 robe (worn)
 d - a +0 cloak (worn)
Magical devices
 n - a wand of random effects (14) {unknown}
Comestibles
 g - 3 meat rations
 o - 2 bread rations
 x - a choko
Scrolls
 l - 2 scrolls of enchant weapon I {unknown}
 m - 3 scrolls of recharging {unknown}
 p - a scroll of amnesia
 u - 2 scrolls of teleportation {unknown}
 y - 2 scrolls of identify {unknown}
 C - a scroll of fear {unknown}
 E - a scroll of enchant weapon II {unknown}
Jewellery
 h - an amulet of the gourmand (around neck)
 s - an uncursed ring of sustain abilities {unknown}
Potions
 q - a potion of cure mutation {unknown}
 r - a potion of curing
 t - a potion of degeneration {unknown}
 v - a potion of heal wounds {unknown}
 w - a potion of restore abilities
 z - a potion of paralysis {unknown}
 A - a potion of magic {unknown}
 D - a potion of poison {unknown}


   Skills:
 - Level 2.6(1.1) Fighting
 - Level 2.6(1.1) Maces & Flails
 - Level 2.1(0.7) Throwing
 - Level 0.8(0.0) Dodging
 + Level 5.6(4.0) Stealth


You had 4 spell levels left.
You didn't know any spells.

Dungeon Overview and Level Annotations

Branches:
Dungeon (4/15)
 Temple: D:4-7

Altars:
Nemelex Xobeh
Xom

Annotations:
D:4 acidapple's ghost, experienced DrMo


Innate Abilities, Weirdness & Mutations

You are too large for most types of armour.
You have a fast metabolism.
You can tolerate rotten meat.
You have tough skin (AC +1).


Message History

The phantom hits you but does no damage.
The kobold hits you with a dagger.
* * * LOW HITPOINT WARNING * * *
You are too injured to fight recklessly!
You hit the kobold.
The kobold is severely wounded.
The phantom hits you.
* * * LOW HITPOINT WARNING * * *
The kobold barely misses you. The phantom hits you.
* * * LOW HITPOINT WARNING * * *
You hit the kobold.
You kill the kobold!
The giant gecko bites you.
* * * LOW HITPOINT WARNING * * *
The phantom barely misses you.
Read which item? (? for menu, Esc to quit)
As you read the scroll labeled XOTISIRORPH, it crumbles to dust.
You feel forgetful for a moment.
It was a scroll of amnesia.
The giant gecko completely misses you. The phantom hits you!
You die...

#
#...##........#.......####
#)## #
#....##..######..........
... #
#.....##.#...............
... #
#......###.#.###.##...##
#.# # ####..........
........ # #....##.#.# #(#
...# # ....##.#.# .# ..#
#########.##.#.###.#......
...............p@l........
#########.##.#.###.#......
#.##.#.# .# ... . #.##.#.#
.# . ... #.##.#p# .# ....
#.##.#.# .. .... #.##.#.#
## ..... #.##.#.# .....
#.##.#.. .....


You could see a phantom and a giant gecko.

Vanquished Creatures
  A hound (D:3)
  4 adders
  A giant mite (D:2)
  3 oozes
  4 orcs
  6 bats
  6 giant cockroaches
  11 goblins
  7 hobgoblins
  2 jackals (D:3)
  2 quokkas (D:3)
  3 giant newts
  10 kobolds
  6 rats
66 creatures vanquished.

Vanquished Creatures (others)
  A bat (D:4)
1 creature vanquished.

Grand Total: 67 creatures vanquished

Notes
Turn   | Place    | Note
--------------------------------------------------------------
     0 | D:1      | Sabsy, the Ogre Assassin, began the quest for the Orb.
     0 | D:1      | Reached XP level 1. HP: 22/22 MP: 1/1
   134 | D:1      | Reached XP level 2. HP: 29/29 MP: 2/2
   463 | D:1      | Reached skill level 4 in Stealth
   626 | D:1      | Found a shimmering altar of Xom.
   642 | D:1      | Reached XP level 3. HP: 26/36 MP: 3/3
  1350 | D:2      | Reached XP level 4. HP: 37/44 MP: 4/4
  1987 | D:3      | Reached skill level 5 in Stealth
  2749 | D:3      | Reached XP level 5. HP: 19/50 MP: 5/5
  3083 | D:4      | Found a sparkling altar of Nemelex Xobeh.
  3114 | D:4      | Noticed acidapple's ghost (experienced DrMo)
  3586 | D:4      | Noticed a phantom
  3609 | D:4      | Slain by a phantom

Action                   |  1- 3 |  4- 6 || total
-------------------------+-------+-------++-------
Melee: Club              |   126 |   151 ||   277
Throw: Dart              |     6 |    17 ||    23
       Tomahawk          |     3 |     2 ||     5
  Use: Potion            |       |     2 ||     2
       Scroll            |       |     1 ||     1
 Stab: Sleeping          |     6 |     3 ||     9
